 Dungeon Sprint DCSS version 0.30-a0-862-g1aabd4f9c5 (webtiles) character file.

Game seed: 10817620758466367090

87 rocky1 the Cudgeller (level 4, -9/35 HPs)
             Began as a Demonspawn Fighter on Mar 10, 2023.
             Mangled by an ice beast (12 damage)
             ... in the Dungeon (Sprint IX: "|||||||||||||||||||||||||||||").
             The game lasted 00:00:34 (71 turns).

rocky1 the Cudgeller (Demonspawn Fighter)             Turns: 71, Time: 00:00:36

Health: -9/35      AC:  6    Str: 19    XL:     4   Next: 28%
Magic:  4/4        EV:  9    Int: 11    God:
Gold:   0          SH:  5    Dex: 12    Spells: 3/3 levels left

rFire   . . .      SeeInvis .    a - +0 flail
rCold   . . .      Faith    .    c - +0 buckler
rNeg    . . .      Spirit   .    b - +0 scale mail
rPois   .          Reflect  .    (helmet restricted)
rElec   .          Rampage  .    (no cloak)
rCorr   .          NoTele   +    (no gloves)
Will    .....                    (no boots) Stlth
                                 (no amulet)
HPRegen 0.25/turn                (no ring)
MPRegen 0.09/turn                (no ring)

@: on berserk cooldown, slowed, very slow
A: antennae 1, big brain 1
a: no special abilities


You were in the Dungeon.
You visited 1 branch

Inventory:

Hand Weapons
 a - a +0 flail (weapon)
Armour
 b - a +0 scale mail (worn)
 c - a +0 buckler (worn)
Scrolls
 j - a scroll of blinking
Potions
 d - a potion of might
 e - a potion of curing
 g - a potion of haste
 h - 2 potions of magic


   Skills:
 - Level 3.0 Fighting
 * Level 6.5 Maces & Flails
 - Level 2.6 Armour
 + Level 5.2 Shields


You had 3 spell levels left.
You didn't know any spells.
Your spell library was empty.

Dungeon Overview and Level Annotations

Branches:
Dungeon (1/1)

Altars:


Innate Abilities, Weirdness & Mutations

You have a pair of small antennae on your head.
You have an unusually large brain. (Int +2)


Message History

The howler monkey hoots and howls with incredible vigour!
You completely miss the howler monkey.
The howler monkey is almost dead.
The howler monkey hits you but does no damage.
The howler monkey hoots and howls with incredible vigour!
You closely miss the howler monkey.
The howler monkey is almost dead.
The howler monkey closely misses you.
The howler monkey hits you but does no damage.
You feel much better.
The howler monkey hits you but does no damage.
The howler monkey hoots and howls with incredible vigour!
You hit the howler monkey.
You kill the howler monkey!
The ice beast hits you. The ice beast freezes you!
Your Maces & Flails skill increases to level 6!
Your Shields skill increases to level 5!
You have reached level 4!
You feel stronger.
Your demonic ancestry asserts itself...
Your brain expands.
Unknown command.
You hit the ice beast.
The ice beast is moderately wounded.
You block the ice beast's attack.
The ice beast hits you but does no damage.
You hit the ice beast.
The ice beast is heavily wounded.
The ice beast hits you but does no damage.
You barely miss the ice beast.
The ice beast is heavily wounded.
The ice beast hits you but does no damage.
You block the ice beast's attack.
You barely miss the ice beast.
The ice beast is heavily wounded.
The ice beast hits you. The ice beast freezes you!
* * * LOW HITPOINT WARNING * * *
The ice beast hits you.
* * * LOW HITPOINT WARNING * * *
The ice beast freezes you!
You die...

▓+▓
▓.▓
▓.▓
▓.▓
▓.▓
▓Y▓
▓@▓
▓.▓
▓.▓
▓.▓
▓.▓
▓.▓
▓)▓
▓.▓
▓.▓


You could see an ice beast.

Vanquished Creatures
  2 howler monkeys (D)
  An orc (D)
  A bat (D)
  A goblin (D)
  A hobgoblin (D)
  A quokka (D)
  A ball python (D)
  A rat (D)
9 creatures vanquished.

Notes
Turn   | Place    | Note
-------+----------+-------------------------------------------
     0 | D        | rocky1 the Demonspawn Fighter began the quest for the Orb.
     0 | D        | Reached XP level 1. HP: 18/18 MP: 1/1
    10 | D        | Reached skill level 2 in Maces & Flails
    24 | D        | Reached skill level 3 in Maces & Flails
    46 | D        | Noticed an ice beast
    46 | D        | Noticed a howler monkey
    46 | D        | Noticed a howler monkey
    55 | D        | Killed a howler monkey
    56 | D        | Reached skill level 5 in Maces & Flails
    56 | D        | Gained mutation: You have a pair of small antennae on your
                  | head. [demonic ancestry]
    56 | D        | Reached XP level 2. HP: 22/24 MP: 2/2
    56 | D        | Reached XP level 3. HP: 27/29 MP: 3/3
    68 | D        | Reached skill level 6 in Maces & Flails
    68 | D        | Reached skill level 5 in Shields
    68 | D        | Gained mutation: You have an unusually large brain. (Int
                  | +2) [demonic ancestry]
    68 | D        | Reached XP level 4. HP: 19/35 MP: 4/4
    71 | D        | Mangled by an ice beast

Illustrated notes

Levels and vault maps discovered:
D:        linesprint [early_d, line_temple, items_1, d_10, items_2, lair_1,
          lair_end, items_3, orc_1, orc_end, items_4, d_15, swamp_1, shoals_1,
          snake_1, spider_1, d_20, vaults_1, items_5, swamp_end, shoals_end,
          snake_end, spider_end, vaults_end, d_27, items_6, zot_1, zot_end,
          crypt_end, forest_end, elf_end, slime_end, tomb_end, abyss_end,
          pan_hell_end]

Skill      XL: |  1  2  3 |
---------------+----------+-----
Maces & Flails | 5 6 |  6.5
Shields        | 4 5 |  5.2
Fighting       | |  3.0
Armour         | |  2.6

Action                     |  1- 3 |  4- 6 || total
---------------------------+-------+-------++-------
  Melee: Flail             |    38 |     4 ||    42
    Use: Potion            |     2 |       ||     2
 Armour: Scale mail        |    18 |     3 ||    21
  Dodge: Dodged            |    11 |       ||    11
  Block: Buckler           |     5 |     2 ||     7

Table legend: (Time is in decaauts)
 A = Elapsed time spent in this place.
 B = Non-inter-level travel time spent in this place.
 C = Inter-level travel time spent in this place.
 D = Time resting spent in this place.
 E = Time spent auto-exploring this place.
 F = Levels seen in this place.
 G = Mean time per level.
                   A        B        C        D        E       F      G
               +--------+--------+--------+--------+--------+-----+--------+
         Total |     80 |     80 |      0 |     16 |      0 |   1 |   80.0 |
       Dungeon |     80 |     80 |      0 |     16 |      0 |   1 |   80.0 |
               +--------+--------+--------+--------+--------+-----+--------+

Top non-repeatable levels by time:
       D: 80 daAuts
